 Dungeon Crawl Stone Soup version 0.25.1-1-g288607f5aa (webtiles) character file.

Game seed: 6286804528259907478

1121 RaHiT the Slasher (level 8, 0/62 HPs)
             Began as a Formicid Gladiator on July 23, 2020.
             Slain by Grinder (2 damage)
             ... on level 6 of the Dungeon.
             The game lasted 00:27:17 (6316 turns).

RaHiT the Slasher (Formicid Gladiator)              Turns: 6316, Time: 00:27:18

Health: 0/62       AC:  4    Str: 22    XL:     8   Next: 61%
Magic:  8/8        EV: 12    Int:  5    God:
Gold:   316        SH:  0    Dex: 10    Spells: 7/7 levels left

rFire    + . .     SeeInvis +   a - +0 long sword
rCold    . . .     Gourm    .   (no shield)
rNeg     . . .     Faith    .   b - +0 leather armour
rPois    .         Spirit   .   (helmet unavailable)
rElec    .         Reflect  .   g - scarf {repulsion}
rCorr    .         Harm     .   r - +0 pair of gloves
MR       .....     Clarity  +   (no boots)
Stlth    +.........             (no amulet)
HPRegen  0.20/turn              l - ring of protection from fire
MPRegen  0.11/turn              (no ring)

@: repel missiles
A: permanent stasis, dig shafts and tunnels, four strong arms, antennae 3,
clarity, clumsy 1, dopey 1
a: Dig, Shaft Self


You were on level 6 of the Dungeon.
You were not hungry.

You visited 2 branches of the dungeon, and saw 10 of its levels.

You collected 316 gold pieces.

Inventory:

Hand Weapons
 a - a +0 long sword (weapon)
Missiles
 c - 3 throwing nets (quivered)
 i - 7 bolts
Armour
 b - a +0 leather armour (worn)
 g - a scarf of repulsion (worn)
 q - a cursed +0 plate armour
 r - a +0 pair of gloves (worn)
Jewellery
 l - a ring of protection from fire (left hand)
Wands
 f - a wand of acid (4)
Scrolls
 e - 2 scrolls of remove curse
 h - 4 scrolls of fear
 j - 2 scrolls of fog
 s - 2 scrolls of immolation
Potions
 m - a potion of resistance
 n - 2 potions of flight
 o - a potion of cancellation
 p - 2 potions of heal wounds
Comestibles
 d - 7 rations


   Skills:
 - Level 5.0 Fighting
 + Level 6.8 Long Blades
 - Level 5.0 Throwing
 + Level 3.8 Armour
 - Level 3.0 Dodging


You had 7 spell levels left.
You didn't know any spells.
Your spell library contained the following spells:

 Spells                   Type           Power        Failure   Level  Hunger
 Sting                    Tmut/Pois      #...         52%         1    ##.....
 Poisonous Vapours        Pois/Air       #.....       67%         2    ###....
 Ignite Poison            Fire/Tmut/Pois #.......     88%         3    ####...
 Mephitic Cloud           Conj/Pois/Air  #.......     88%         3    ####...
 Olgreb's Toxic Radiance  Pois           #.......     99%         4    #####..


Dungeon Overview and Level Annotations

Branches:
Dungeon (9/15)             Temple (1/1) D:4
   Lair: D:8-11         Orc: D:9-12

Altars:
Ashenzari
Cheibriados
Dithmenos
Elyvilon
Fedhas
Gozag
Hepliaklqana
Makhleb
Nemelex Xobeh
Okawaru
Qazlal
Trog
Wu Jian
Xom
Yredelemnul
Zin
The Shining One

Annotations:
D:6 Grinder


Innate Abilities, Weirdness & Mutations

You cannot be hasted, slowed, berserked, paralysed or teleported.
You can dig through walls and to a lower floor.
Your four strong arms can wield two-handed weapons with a shield.
You have a pair of large antennae on your head. (SInv)
You possess an exceptional clarity of mind.
You are clumsy. (Dex -2)
You are dopey. (Int -2)


Message History

Grinder hits you.
You writhe in agony.
* * * LOW HITPOINT WARNING * * *
You hit Grinder.
Grinder is almost dead.
Grinder closely misses you.
The phantom hits you but does no damage.
The phantom blinks!
You closely miss Grinder.
Grinder is almost dead.
Grinder hits you.
* * * LOW HITPOINT WARNING * * *
You writhe in agony.
* * * LOW HITPOINT WARNING * * *
The phantom blinks!
You closely miss Grinder.
Grinder is almost dead.
Grinder hits you!
* * * LOW HITPOINT WARNING * * *
You writhe in agony.
You die...

{ ############
#..........#
#..........#
#..........# #####
#..........#####>...
#..W...........#.###
#..@5..........#.###
#......†............
########..........##
#..§.......#
#..........#
#.......#.##
#.......#.#
#..l....#.# .......
.#


You could see Grinder and a phantom.

Vanquished Creatures
  A phantom (D:4)
  2 ogres
  A centaur (D:5)
  A bullfrog (D:9)
  A howler monkey (D:4)
  A crimson imp (D:5)
  2 bullfrog zombies (D:5)
  A jelly (D:5)
  2 orc wizards
  4 hounds
  2 iguanas
  3 worker ants
  A hound skeleton (D:4)
  2 worker ant zombies
  9 adders
  A shadow imp (D:6)
  3 oozes
  2 adder zombies
  A worm (D:2)
  5 dart slugs
  4 leopard geckos
  An orc (D:3)
  3 ball pythons
  6 bats
  4 giant cockroaches
  9 goblins
  5 hobgoblins
  12 jackals
  11 kobolds
  3 quokkas
  8 frilled lizards
  6 rats
117 creatures vanquished.

Vanquished Creatures (others)
  An orc wizard (D:5)
  3 fungi (D:5)
  8 toadstools (D:5)
12 creatures vanquished.

Grand Total: 129 creatures vanquished

Notes
Turn   | Place    | Note
-------+----------+-------------------------------------------
     0 | D:1      | RaHiT the Formicid Gladiator began the quest for the Orb.
     0 | D:1      | Reached XP level 1. HP: 16/16 MP: 1/1
    42 | D:1      | Reached XP level 2. HP: 10/23 MP: 2/2
   177 | D:1      | Reached skill level 1 in Armour
   257 | D:1      | Reached XP level 3. HP: 17/28 MP: 3/3
  1003 | D:2      | Reached XP level 4. HP: 33/34 MP: 4/4
  2174 | D:2      | Found a faded altar of an unknown god.
  2591 | D:3      | Found a burning altar of Makhleb.
  2592 | D:3      | Found a basalt altar of Yredelemnul.
  2594 | D:3      | Found a glowing golden altar of the Shining One.
  2596 | D:3      | Found an opulent altar of Gozag.
  2597 | D:3      | Found a stormy altar of Qazlal.
  2598 | D:3      | Reached XP level 5. HP: 41/41 MP: 5/5
  3173 | D:3      | Found a glowing golden altar of the Shining One.
  3351 | D:4      | Noticed a phantom
  3642 | D:4      | Killed a phantom
  3642 | D:4      | Reached skill level 4 in Long Blades
  3642 | D:4      | Reached XP level 6. HP: 23/48 MP: 6/6
  3816 | D:4      | Noticed an ogre
  3831 | D:3      | Killed an ogre
  3831 | D:3      | Reached skill level 5 in Long Blades
  3840 | D:4      | Reached XP level 7. HP: 38/54 MP: 7/7
  3988 | D:4      | Found a staircase to the Ecumenical Temple.
  4007 | Temple   | Entered the Ecumenical Temple
  4480 | D:5      | Entered Level 5 of the Dungeon
  4923 | D:5      | Reached skill level 5 in Fighting
  4975 | D:5      | Found an iron altar of Okawaru.
  5007 | D:5      | Reached XP level 8. HP: 38/62 MP: 8/8
  5036 | D:5      | Reached skill level 6 in Long Blades
  5226 | D:5      | Found a blossoming altar of Fedhas.
  5226 | D:5      | Found a glowing silver altar of Zin.
  5622 | D:5      | Noticed a slime creature
  5802 | D:6      | Found a stormy altar of Qazlal.
  5803 | D:6      | Noticed an air elemental
  5803 | D:6      | Noticed a fire elemental
  5803 | D:6      | Noticed a water elemental
  5919 | D:6      | Reached skill level 5 in Throwing
  5992 | D:6      | You fall into a shaft and drop 3 floors!
  6248 | D:8      | Gained mutation: You are dopey. (Int -2) [potion of
                  | mutation]
  6248 | D:8      | Gained mutation: You are clumsy. (Dex -2) [potion of
                  | mutation]
  6248 | D:8      | Gained mutation: You possess an exceptional clarity of
                  | mind. [potion of mutation]
  6282 | D:6      | Noticed Grinder
  6316 | D:6      | HP: 2/62 [Grinder (10)]
  6316 | D:6      | Slain by Grinder

Illustrated notes

Levels and vault maps discovered:
D:1:      kennysheep_arrival_forest, layout_rooms
D:2:      layout_basic, chequers_ecumenical_altar_island
D:3:      layout_basic, grunt_temple_overflow_open, nicolae_tso_carved_into_rock
D:4:      layout_rooms, minmay_temple_entry_mini_moons
D:5:      cheibrodos_fertilizer, layout_cave_pools, okawaru_metal_pillars_3,
          nicolae_overflow_hidden_temple, first_ration, chequers_mini_garden
D:6:      layout_basic, minmay_misc_feat_ornament,
          nicolae_qazlal_style_of_elements, uniq_grinder, uniq_blork_the_orc,
          uniq_pikel
D:7:      layout_basic, nicolae_ru_awakened_eye, lemuel_doored_altar,
          nicolae_overflow_crystal_walls
D:8:      layout_loops_ring, lemuel_coloured_pillars_altar,
          erik_lair_orcish_takeover, grunt_livestock, uniq_gastronok, uniq_grum,
          uniq_maggie
D:9:      layout_cave_pods, kiku_gazebo_pond_becter, kennysheep_small_circle
Temple:   nicolae_temple_figure_zero

Skill      XL: |  1  2  3  4  5  6  7  8 |
---------------+-------------------------+-----
Armour         | 1 2 3 |  3.8
Dodging        | 3 |  3.0
Fighting       | 3 4 5 |  5.0
Throwing       | 3 4 5 |  5.0
Long Blades    | 4 5 6 |  6.8

Action                   |  1- 3 |  4- 6 |  7- 9 || total
-------------------------+-------+-------+-------++-------
Melee: Long sword        |    95 |   169 |   182 ||   446
 Abil: Dig               |     4 |     1 |     6 ||    11
       Shaft Self        |       |       |     1 ||     1
  Use: Scroll            |     3 |     4 |     6 ||    13
       Potion            |       |       |     2 ||     2
  Eat: Chunk             |     2 |     7 |     5 ||    14
       Ration            |       |     1 |     1 ||     2
Armor: Leather armour    |    31 |    43 |    27 ||   101
Dodge: Dodged            |    82 |   138 |   135 ||   355
       Repelled          |       |       |     2 ||     2
       Rpst.: Long sword |    26 |    56 |    49 ||   131
